TOP OF THE 1ST |
San Antonio Missions batting - Pitching for Amarillo Gold Sox : RHP Larry Kuhn
|
Pitching: RHP Larry Kuhn
|
|
Batting: RHB Ivan Calderon
|
0-0: DOUBLE (Line Drive, 89D, EV 113.8 MPH)
|
Batting: RHB Amos Lewis
|
0-0: Foul Ball, location: 2F 0-1: Foul Ball, location: 2F 0-2: Ball 1-2: Ball 2-2: Foul Ball, location: 2F 2-2: Ball 3-2: Base on Balls
|
Batting: RHB Ed Hearn
|
0-0: Called Strike Ivan Calderon is caught stealing 3rd base 2-5 0-1: Fly out, F9 (Flyball, 89XD, EV 81.9 MPH)
|
Batting: RHB Larry Hamilton
|
0-0: Ball 1-0: Ball 2-0: Called Strike 2-1: Ball 3-1: Base on Balls Amos Lewis to second
|
Batting: LHB Lee Pruitt
|
0-0: Ball 1-0: 3-RUN HOME RUN (Flyball, 9D, EV 89.4 MPH), Distance : 367 ft
|
Batting: RHB Andrew Walker
|
0-0: Ball 1-0: Ball 2-0: Ball 3-0: Called Strike 3-1: Foul Ball, location: 2F 3-2: Base on Balls
|
Batting: LHB Steven Fortune
|
0-0: Ball 1-0: Swinging Strike 1-1: Ball 2-1: Ball Andrew Walker is caught stealing 2nd base 2-6
|
Top of the 1st over - 3 runs, 2 hits, 0 errors, 0 left on base; San Antonio 3 - Amarillo 0 |
BOTTOM OF THE 1ST |
Amarillo Gold Sox batting - Pitching for San Antonio Missions : RHP Roger Clemens
|
Pitching: RHP Roger Clemens
|
|
Batting: SHB Al Newman
|
0-0: Ball 1-0: Called Strike 1-1: Ball 2-1: Swinging Strike 2-2: Ball 3-2: Ground out U3 (Groundball, 34, EV 89.4 MPH)
|
Batting: LHB Hector Arroyo
|
0-0: Ball 1-0: Ball 2-0: Ball 3-0: Called Strike 3-1: Swinging Strike 3-2: Foul Ball, location: 2F 3-2: Base on Balls
|
Batting: RHB Bill Pecota
|
0-0: Called Strike 0-1: Called Strike 0-2: Foul Ball, location: 2F 0-2: Ball 1-2: Ball Hector Arroyo steals 2nd base 2-2: Ball 3-2: Fly out, F3 (Flyball, 3D, EV 83.8 MPH)
|
Batting: LHB Derwin McNealy
|
0-0: Ball 1-0: SINGLE (Flyball, 34D, EV 91.9 MPH) Hector Arroyo to third Runner from 3rd tries for Home, SAFE, throw by RF to home
|
Batting: SHB Steve Jeltz
|
0-0: Ball 1-0: Called Strike 1-1: Ball 2-1: Called Strike Derwin McNealy steals 2nd base (no throw) 2-2: Foul Ball, location: 2F 2-2: Strikes out looking
|
Bottom of the 1st over - 1 run, 1 hit, 0 errors, 1 left on base; San Antonio 3 - Amarillo 1 |
TOP OF THE 2ND |
San Antonio Missions batting - Pitching for Amarillo Gold Sox : RHP Larry Kuhn
|
Batting: LHB Steven Fortune
|
0-0: Ball 1-0: Ball 2-0: Foul Ball, location: 2F 2-1: Swinging Strike 2-2: Strikes out swinging
|
Batting: RHB Jack Clark
|
0-0: Ball 1-0: Called Strike 1-1: Foul Ball, location: 2F 1-2: Strikes out looking
|
Batting: RHB Archie Amerson
|
0-0: Called Strike 0-1: Ball 1-1: Foul Ball, location: 2F 1-2: Ground out 6-3 (Groundball, 6, EV 86.3 MPH)
|
Top of the 2nd over - 0 runs, 0 hits, 0 errors, 0 left on base; San Antonio 3 - Amarillo 1 |
BOTTOM OF THE 2ND |
Amarillo Gold Sox batting - Pitching for San Antonio Missions : RHP Roger Clemens
|
Batting: RHB Chino Cadahia
|
0-0: Foul Ball, location: 2F 0-1: Swinging Strike 0-2: Ball 1-2: Foul Ball, location: 2F 1-2: SINGLE (Groundball, 13, EV 86.3 MPH) (infield hit)
|
Batting: RHB Vic Alvarado
|
0-0: Ball 1-0: Ball 2-0: Called Strike 2-1: Foul Ball, location: 2F 2-2: Strikes out swinging
|
Batting: RHB Todd Smith
|
0-0: Ball 1-0: Ball 2-0: Foul Ball, location: 2F 2-1: Ball 3-1: Swinging Strike 3-2: Strikes out looking
|
Batting: RHB J.P. Pierson
|
0-0: Called Strike 0-1: Ball 1-1: Ball 2-1: Called Strike 2-2: Foul Ball, location: 2F 2-2: Strikes out swinging
|
Bottom of the 2nd over - 0 runs, 1 hit, 0 errors, 1 left on base; San Antonio 3 - Amarillo 1 |
TOP OF THE 3RD |
San Antonio Missions batting - Pitching for Amarillo Gold Sox : RHP Larry Kuhn
|
Batting: RHB Ivan Calderon
|
0-0: Ball 1-0: Ball 2-0: Ball 3-0: Called Strike 3-1: Base on Balls
|
Batting: RHB Amos Lewis
|
0-0: Ball 1-0: Ball 2-0: Grounds into double play, 5-4-3 (Groundball, 5, EV 102.5 MPH)
|
Batting: RHB Ed Hearn
|
0-0: Ball 1-0: Ball 2-0: Ball 3-0: Base on Balls
|
Batting: RHB Larry Hamilton
|
0-0: Ground out 5-3 (Groundball, 56, EV 87.5 MPH)
|
Top of the 3rd over - 0 runs, 0 hits, 0 errors, 1 left on base; San Antonio 3 - Amarillo 1 |
BOTTOM OF THE 3RD |
Amarillo Gold Sox batting - Pitching for San Antonio Missions : RHP Roger Clemens
|
Batting: SHB Al Newman
|
0-0: Called Strike 0-1: Ball 1-1: Ball 2-1: Ball 3-1: Base on Balls
|
Batting: LHB Hector Arroyo
|
0-0: Ball 1-0: Ball 2-0: Called Strike 2-1: Ball Al Newman is caught stealing 2nd base 2-6 3-1: Ground out 2-3 (Groundball, 15S, EV 68.8 MPH)
|
Batting: RHB Bill Pecota
|
0-0: Foul Ball, location: 2F 0-1: Foul Ball, location: 2F 0-2: Ball 1-2: Foul Ball, location: 2F 1-2: Strikes out swinging
|
Bottom of the 3rd over - 0 runs, 0 hits, 0 errors, 0 left on base; San Antonio 3 - Amarillo 1 |
TOP OF THE 4TH |
San Antonio Missions batting - Pitching for Amarillo Gold Sox : RHP Larry Kuhn
|
Batting: LHB Lee Pruitt
|
0-0: Ball 1-0: Called Strike 1-1: Called Strike 1-2: Strikes out looking
|
Batting: RHB Andrew Walker
|
0-0: Ball 1-0: Ball 2-0: Called Strike 2-1: Swinging Strike 2-2: Foul Ball, location: 2F 2-2: Foul Ball, location: 2F 2-2: Ball 3-2: Base on Balls
|
Batting: LHB Steven Fortune
|
0-0: Called Strike 0-1: Ball Andrew Walker steals 2nd base (no throw) 1-1: Swinging Strike 1-2: Ball 2-2: Ball 3-2: Reached via error on a dropped throw from 2B, E3 (Groundball, 34, EV 101.9 MPH) Andrew Walker to third
|
Batting: RHB Jack Clark
|
0-0: Swinging Strike 0-1: Ball 1-1: Foul Ball, location: 2F 1-2: Strikes out swinging
|
Batting: RHB Archie Amerson
|
0-0: Called Strike 0-1: Ball 1-1: Foul Ball, location: 2F 1-2: Ball 2-2: Ground out 5-3 (Groundball, 56S, EV 89.4 MPH)
|
Top of the 4th over - 0 runs, 0 hits, 1 error, 2 left on base; San Antonio 3 - Amarillo 1 |
BOTTOM OF THE 4TH |
Amarillo Gold Sox batting - Pitching for San Antonio Missions : RHP Roger Clemens
|
Batting: LHB Derwin McNealy
|
0-0: Swinging Strike 0-1: Ball 1-1: Swinging Strike 1-2: Ball 2-2: Foul Ball, location: 2F 2-2: Foul Ball, location: 2F 2-2: Fly out, F5 (Popup, 56S, EV 70.0 MPH)
|
Batting: SHB Steve Jeltz
|
0-0: Called Strike 0-1: Called Strike 0-2: Ball 1-2: Ball 2-2: Ball 3-2: Strikes out swinging
|
Batting: RHB Chino Cadahia
|
0-0: Ball 1-0: Ball 2-0: Called Strike 2-1: DOUBLE (Line Drive, 8LD, EV 93.8 MPH)
|
Batting: RHB Vic Alvarado
|
0-0: Called Strike 0-1: Swinging Strike 0-2: Ball 1-2: Strikes out swinging
|
Bottom of the 4th over - 0 runs, 1 hit, 0 errors, 1 left on base; San Antonio 3 - Amarillo 1 |
TOP OF THE 5TH |
San Antonio Missions batting - Pitching for Amarillo Gold Sox : RHP Larry Kuhn
|
Batting: RHB Ivan Calderon
|
0-0: Swinging Strike 0-1: Foul Ball, location: 2F 0-2: Strikes out swinging
|
Batting: RHB Amos Lewis
|
0-0: Ball 1-0: Ball 2-0: Ball 3-0: Called Strike 3-1: Swinging Strike 3-2: Ground out 3-1 (Groundball, 34, EV 93.1 MPH)
|
Batting: RHB Ed Hearn
|
0-0: Ground out 5-3 (Groundball, 56S, EV 91.3 MPH)
|
Top of the 5th over - 0 runs, 0 hits, 0 errors, 0 left on base; San Antonio 3 - Amarillo 1 |
BOTTOM OF THE 5TH |
Amarillo Gold Sox batting - Pitching for San Antonio Missions : RHP Roger Clemens
|
Batting: RHB Todd Smith
|
0-0: Ball 1-0: Fly out, F8 (Flyball, 8LM, EV 95.6 MPH)
|
Batting: RHB J.P. Pierson
|
0-0: Ball 1-0: Ground out 6-3 (Groundball, 6, EV 90.0 MPH)
|
Batting: SHB Al Newman
|
0-0: Ball 1-0: Foul Ball, location: 2F 1-1: Ball 2-1: Ball 3-1: Base on Balls
|
Batting: LHB Hector Arroyo
|
0-0: Ball 1-0: Ball Al Newman steals 2nd base 2-0: Ball 3-0: Base on Balls
|
Batting: RHB Bill Pecota
|
0-0: Called Strike 0-1: Swinging Strike 0-2: Ball 1-2: Ball 2-2: Ground out 1-3 (Groundball, 13S, EV 75.0 MPH)
|
Bottom of the 5th over - 0 runs, 0 hits, 0 errors, 2 left on base; San Antonio 3 - Amarillo 1 |
TOP OF THE 6TH |
San Antonio Missions batting - Pitching for Amarillo Gold Sox : RHP Larry Kuhn
|
Batting: RHB Larry Hamilton
|
0-0: Ball 1-0: Swinging Strike 1-1: Swinging Strike 1-2: Strikes out swinging
|
Batting: LHB Lee Pruitt
|
0-0: Ball 1-0: Ball 2-0: Swinging Strike 2-1: Ball 3-1: Base on Balls
|
Pitching: RHP Denny Schafer
|
|
Batting: RHB Andrew Walker
|
0-0: Ball 1-0: Ball 2-0: Fly out, F6 (Line Drive, 6, EV 68.1 MPH)
|
Batting: LHB Steven Fortune
|
0-0: Called Strike 0-1: Foul Ball, location: 2F 0-2: Ball 1-2: Foul Ball, location: 2F 1-2: Foul Ball, location: 2F 1-2: Ball 2-2: Ground out 4-3 (Groundball, 4, EV 108.8 MPH)
|
Top of the 6th over - 0 runs, 0 hits, 0 errors, 1 left on base; San Antonio 3 - Amarillo 1 |
BOTTOM OF THE 6TH |
Amarillo Gold Sox batting - Pitching for San Antonio Missions : RHP Roger Clemens
|
Batting: LHB Derwin McNealy
|
0-0: Ball 1-0: Swinging Strike 1-1: Ground out 6-3 (Groundball, 6, EV 102.5 MPH)
|
Batting: SHB Steve Jeltz
|
0-0: Called Strike 0-1: Ball 1-1: Swinging Strike 1-2: Strikes out swinging
|
Batting: RHB Chino Cadahia
|
0-0: Foul Ball, location: 2F 0-1: Called Strike 0-2: Strikes out swinging
|
Bottom of the 6th over - 0 runs, 0 hits, 0 errors, 0 left on base; San Antonio 3 - Amarillo 1 |
TOP OF THE 7TH |
San Antonio Missions batting - Pitching for Amarillo Gold Sox : RHP Denny Schafer
|
Batting: RHB Jack Clark
|
0-0: Ball 1-0: DOUBLE (Groundball, 5L, EV 103.8 MPH)
|
Batting: RHB Archie Amerson
|
0-0: Swinging Strike 0-1: Ball 1-1: Called Strike 1-2: Ground out 5-3 (Groundball, 56, EV 102.5 MPH)
|
Batting: RHB Ivan Calderon
|
0-0: Intentional Walk
|
Batting: RHB Amos Lewis
|
0-0: Called Strike 0-1: Called Strike 0-2: Ball 1-2: Foul Ball, location: 2F 1-2: Ball 2-2: Foul Ball, location: 2F 2-2: Ball 3-2: Foul Ball, location: 2F 3-2: Fly out, F9 (Flyball, 9LM, EV 88.1 MPH)
|
Batting: RHB Ed Hearn
|
0-0: Foul Ball, location: 2F 0-1: Foul Ball, location: 2F 0-2: Ball 1-2: Ball 2-2: Ball 3-2: Foul Ball, location: 2F 3-2: Base on Balls Jack Clark to third Ivan Calderon to second
|
Batting: RHB Larry Hamilton
|
0-0: Called Strike 0-1: Foul Ball, location: 2F 0-2: Strikes out looking
|
Top of the 7th over - 0 runs, 1 hit, 0 errors, 3 left on base; San Antonio 3 - Amarillo 1 |
BOTTOM OF THE 7TH |
Amarillo Gold Sox batting - Pitching for San Antonio Missions : RHP Roger Clemens
|
Pitching: RHP Robert Rudi
|
|
Batting: RHB Vic Alvarado
|
0-0: Foul Ball, location: 2F 0-1: Swinging Strike 0-2: Foul Ball, location: 2F 0-2: Ball 1-2: Foul Ball, location: 2F 1-2: Ball 2-2: Foul Ball, location: 2F 2-2: Ball 3-2: Base on Balls
|
Batting: RHB Todd Smith
|
0-0: Ball 1-0: SINGLE (Groundball, 4MS, EV 65.6 MPH) (infield hit) Vic Alvarado to second
|
Pinch Hitting: LHB Louie Meadows
|
0-0: Fly out, F4 (Flyball, 34D, EV 73.1 MPH)
|
Batting: SHB Al Newman
|
0-0: Ball Vic Alvarado is caught stealing 3rd base 2-5 1-0: Ball 2-0: Called Strike 2-1: Ball 3-1: Base on Balls Todd Smith to second
|
Batting: LHB Hector Arroyo
|
0-0: Fielders Choice at 2nd, U4 (Groundball, 4M, EV 82.5 MPH)
|
Bottom of the 7th over - 0 runs, 1 hit, 0 errors, 2 left on base; San Antonio 3 - Amarillo 1 |
TOP OF THE 8TH |
San Antonio Missions batting - Pitching for Amarillo Gold Sox : RHP Denny Schafer
|
Now in LF: Russ Laribee
|
|
Batting: LHB Lee Pruitt
|
0-0: Ball 1-0: Swinging Strike 1-1: Ball 2-1: Foul Ball, location: 2F 2-2: Ball 3-2: Foul Ball, location: 2F 3-2: Base on Balls
|
Pitching: RHP Luis Peralta
|
|
Batting: RHB Andrew Walker
|
0-0: Ball 1-0: Ball 2-0: Ball 3-0: Called Strike 3-1: Called Strike 3-2: Foul Ball, location: 2F 3-2: Strikes out looking
|
Batting: LHB Steven Fortune
|
0-0: Ball 1-0: Ball 2-0: Ball 3-0: Base on Balls Lee Pruitt to second
|
Batting: RHB Jack Clark
|
0-0: Called Strike 0-1: Ball 1-1: Ball Passed Ball! Lee Pruitt to third Steven Fortune to second 2-1: Foul Ball, location: 2F 2-2: Foul Ball, location: 2F 2-2: Foul Ball, location: 2F 2-2: Strikes out looking
|
Batting: RHB Archie Amerson
|
0-0: Ball 1-0: Ball 2-0: Swinging Strike 2-1: Ball 3-1: Ground out 5-3 (Groundball, 56, EV 76.9 MPH)
|
Top of the 8th over - 0 runs, 0 hits, 0 errors, 2 left on base; San Antonio 3 - Amarillo 1 |
BOTTOM OF THE 8TH |
Amarillo Gold Sox batting - Pitching for San Antonio Missions : RHP Robert Rudi
|
Batting: RHB Bill Pecota
|
0-0: Ball 1-0: Called Strike 1-1: DOUBLE (Flyball, 8RXD, EV 94.4 MPH)
|
Batting: LHB Derwin McNealy
|
0-0: Foul Ball, location: 2F 0-1: Fly out, F8 (Flyball, 89M, EV 83.1 MPH) Runner from 2nd tags up, SAFE at 3rd with throw by CF
|
Batting: SHB Steve Jeltz
|
0-0: Called Strike 0-1: Ball 1-1: Ball 2-1: Ball 3-1: Base on Balls
|
Pitching: RHP Miguel Hernandez
|
|
Batting: RHB Chino Cadahia
|
0-0: Ball 1-0: Fly out, F9 (Flyball, 9D, EV 91.3 MPH)
|
Batting: RHB Vic Alvarado
|
0-0: Ball 1-0: Ball 2-0: Foul Ball, location: 2F 2-1: Swinging Strike 2-2: Ball 3-2: Strikes out swinging
|
Bottom of the 8th over - 0 runs, 1 hit, 0 errors, 2 left on base; San Antonio 3 - Amarillo 1 |
TOP OF THE 9TH |
San Antonio Missions batting - Pitching for Amarillo Gold Sox : RHP Luis Peralta
|
Batting: RHB Ivan Calderon
|
0-0: Swinging Strike 0-1: Foul Ball, location: 2F 0-2: Ball 1-2: Foul Ball, location: 2F 1-2: Ball 2-2: Fly out, F9 (Flyball, 9, EV 87.5 MPH)
|
Batting: RHB Amos Lewis
|
0-0: SINGLE (Groundball, 5S, EV 67.5 MPH) (infield hit)
|
Batting: RHB Ed Hearn
|
0-0: SINGLE (Groundball, 56D, EV 95.0 MPH) Amos Lewis to second Runner from 2nd tries for 3rd, SAFE, no throw by LF
|
Batting: RHB Larry Hamilton
|
0-0: Called Strike 0-1: Ball 1-1: Ball 2-1: Foul Ball, location: 2F 2-2: Ball 3-2: Foul Ball, location: 2F 3-2: Base on Balls Ed Hearn to second
|
Pitching: RHP Alec Christianson
|
|
Batting: LHB Lee Pruitt
|
0-0: Ball 1-0: Ball 2-0: Ball 3-0: Called Strike 3-1: Swinging Strike 3-2: Base on Balls Amos Lewis scores Ed Hearn to third Larry Hamilton to second
|
Batting: RHB Andrew Walker
|
0-0: Swinging Strike 0-1: Ball 1-1: Called Strike 1-2: Strikes out swinging
|
Batting: LHB Steven Fortune
|
0-0: Called Strike 0-1: Ball 1-1: Called Strike 1-2: Strikes out looking
|
Top of the 9th over - 1 run, 2 hits, 0 errors, 3 left on base; San Antonio 4 - Amarillo 1 |
BOTTOM OF THE 9TH |
Amarillo Gold Sox batting - Pitching for San Antonio Missions : RHP Miguel Hernandez
|
Pitching: RHP James Herring
|
|
Batting: RHB Todd Smith
|
0-0: Fly out, F7 (Flyball, 7, EV 88.1 MPH)
|
Batting: LHB Russ Laribee
|
0-0: Reached on error, E3 (Groundball, 3L, EV 102.5 MPH)
|
Batting: SHB Al Newman
|
0-0: Called Strike 0-1: Ball 1-1: Ball 2-1: Foul Ball, location: 2F 2-2: Ball 3-2: Fly out, F9 (Line Drive, 9D, EV 102.5 MPH)
|
Batting: LHB Hector Arroyo
|
0-0: Ball 1-0: Ground out 4-3 (Groundball, 4, EV 108.8 MPH)
|
Bottom of the 9th over - 0 runs, 0 hits, 1 error, 1 left on base; San Antonio 4 - Amarillo 1 |
|